 Dungeon Crawl Stone Soup version 0.29-a0-982-gaed3a0c8d8 (webtiles) character file.

Game seed: 14540533041212485836

38 ytrimaz the Grave Robber (level 3, 0/24 HPs)
             Began as a Demonspawn Necromancer on Aug 1, 2022.
             Succumbed to an adder's poison
             ... on level 2 of the Dungeon.
             The game lasted 00:02:32 (1308 turns).

ytrimaz the Grave Robber (Demonspawn Necromancer)   Turns: 1308, Time: 00:02:33

Health: 0/24       AC:  2    Str:  8    XL:     3   Next: 25%
Magic:  1/6        EV: 12    Int: 18    God:
Gold:   68         SH:  0    Dex: 13    Spells: 6/7 levels left

rFire   + . .      SeeInvis .   h - +0 dagger (elec)
rCold   + . .      Faith    .   (no shield)
rNeg    . . .      Spirit   .   a - +0 robe
rPois   .          Reflect  .   (helmet restricted)
rElec   .          Harm     .   j - scarf {rC+ rF+}
rCorr   .          Rampage  .   (no gloves)
Will    .....                   (no boots)
Stlth   ++........              (no amulet)
HPRegen 0.08/turn               (no ring)
MPRegen 0.10/turn               (no ring)

@: lethally poisoned (0 -> -12)
A: antennae 1, ignite blood 1
a: no special abilities


You were on level 2 of the Dungeon.
You visited 1 branch of the dungeon, and saw 2 of its levels.

You collected 68 gold pieces.

Inventory:

Hand Weapons
 h - a +0 dagger of electrocution (weapon)
Armour
 a - a +0 robe (worn)
 j - a scarf of resistance (worn)
Scrolls
 c - 2 scrolls of fog {unknown}
 e - a scroll of identify {unknown}
 f - a scroll of teleportation {unknown}
 g - a scroll of enchant weapon {unknown}
Potions
 b - a potion of magic
 d - a potion of attraction {unknown}
 i - a potion of curing {unknown}


   Skills:
 - Level 1.7 Dodging
 - Level 1.7 Stealth
 + Level 2.5 Spellcasting
 + Level 5.2 Necromancy


You had 6 spell levels left.
You knew the following spells:

 Your Spells              Type           Power      Damage    Failure   Level
a - Necrotise             Necr           84%        1d8       1%          1

Your spell library contained the following spells:

 Spells                   Type           Power      Damage    Failure   Level
 Vampiric Draining        Necr           21%        2d7       6%          3
 Animate Dead             Necr           21%        N/A       19%         4
 Agony                    Necr           21%        N/A       47%         5
 Borgnjor's Vile Clutch   Necr/Erth      5%         N/A       85%         5
 Death Channel            Necr           10%        N/A       96%         6


Dungeon Overview and Level Annotations

Branches:
Dungeon (2/15)

Altars:

Shops:
D:1 *


Innate Abilities, Weirdness & Mutations

You have a pair of small antennae on your head.
Your demonic aura sometimes causes spilled blood to erupt in flames.


Message History

There is a stone staircase leading down here.
Found a leather armour.
An adder comes into view.
Found a stone staircase leading up.
An adder is nearby!
An adder is nearby!
You can't see any susceptible monsters within range! (Use Z to cast anyway.)
An endoplasm comes into view.
The endoplasm quivers.
The endoplasm writhes in agony.
The adder hisses angrily.
The endoplasm writhes in agony.
A quokka comes into view.
A rat comes into view.
The endoplasm writhes in agony.
You kill the endoplasm!
The adder bites you.
You are poisoned.
The adder poisons you!
The adder writhes in agony.
You feel sick. The adder bites you.
The adder writhes in agony.
You feel sick. The adder bites you but does no damage.
The adder closely misses you.
The adder barely resists.
You feel sick. The adder bites you.
You are out of magic!
You closely miss the adder.
The adder is moderately wounded.
You feel sick. The adder bites you. The quokka bites you. The rat bites you.
You hit the adder. Your punch misses the adder.
The adder is heavily wounded.
You feel sick. The adder bites you.
* * * LOW HITPOINT WARNING * * *
You are lethally poisoned!
The adder poisons you!
The quokka bites you but does no damage.
The adder bites you.
* * * LOW HITPOINT WARNING * * *
You are more poisoned.
The adder poisons you! The rat closely misses you.
You completely miss the adder.
The adder is heavily wounded.
You die...

.... ##.#.. #. . ..#
##.. #...# ## ...#
#.#.# #.# ...#
#..##.# .
#.######r#r###.# .
#........@S....# .
#####.....##.##.##.#
.###..........#... #
..##.##......##.....
>.........#.###.#####
...#.##...#####<#
...>..........[.#
...#.#.#.###.####
...#.......# # ..


You could see an adder, a quokka and a rat.

Vanquished Creatures
  A dart slug (D:2)
  A ball python (D:1)
  An endoplasm (D:2)
  A giant cockroach (D:1)
  4 goblins (D:1)
  9 hobgoblins
  2 jackals (D:1)
  A quokka (D:1)
  2 bats (D:1)
  A frilled lizard (D:1)
  A rat (D:1)
24 creatures vanquished.

Vanquished Creatures (collateral kills)
  2 hobgoblins (D:1)
  2 kobolds (D:1)
  A quokka (D:1)
5 creatures vanquished.

Grand Total: 29 creatures vanquished

Notes
Turn   | Place    | Note
-------+----------+-------------------------------------------
     0 | D:1      | ytrimaz the Demonspawn Necromancer began the quest for the
                  | Orb.
     0 | D:1      | Reached XP level 1. HP: 13/13 MP: 3/3
   244 | D:1      | Found Xemm's General Store.
   275 | D:1      | Gained mutation: You have a pair of small antennae on your
                  | head. [demonic ancestry]
   275 | D:1      | Reached XP level 2. HP: 19/19 MP: 1/5
   577 | D:1      | Reached skill level 5 in Necromancy
   856 | D:1      | Gained mutation: Your demonic aura sometimes causes spilled
                  | blood to erupt in flames. [demonic ancestry]
   856 | D:1      | Reached XP level 3. HP: 22/24 MP: 3/6
   950 | D:1      | Found a faded altar of an unknown god.
  1308 | D:2      | Succumbed to an adder's poison

Illustrated notes

Levels and vault maps discovered:
D:1:      nzn_arrival_depleted_hourglass, layout_basic,
          chequers_ecumenical_altar_lobes, serial_shops,
          nicolae_shop_hallway_plus, wad_floor_pattern_2
D:2:      layout_loops_ring

Skill      XL: |  1  2 |
---------------+-------+-----
Necromancy     | 5 |  5.2
Dodging        | |  1.7
Stealth        | |  1.7
Spellcasting   | |  2.5

Action                   || total
-------------------------++-------
Melee: Unarmed           ||    14
       Dagger            ||     5
 Cast: Necrotise         ||    47
  Use: Scroll            ||     1
Armor: Robe              ||     7
Dodge: Dodged            ||    24

Table legend: (Time is in decaauts)
 A = Elapsed time spent in this place.
 B = Non-inter-level travel time spent in this place.
 C = Inter-level travel time spent in this place.
 D = Time resting spent in this place.
 E = Time spent auto-exploring this place.
 F = Levels seen in this place.
 G = Mean time per level.
                   A        B        C        D        E       F      G
               +--------+--------+--------+--------+--------+-----+--------+
         Total |   1307 |   1251 |     56 |      0 |   1030 |   2 |  653.5 |
       Dungeon |   1307 |   1251 |     56 |      0 |   1030 |   2 |  653.5 |
               +--------+--------+--------+--------+--------+-----+--------+

Top non-repeatable levels by time:
     D:1: 1089 daAuts
     D:2: 217 daAuts
